 Dungeon Crawl Stone Soup version 0.16-a0-3807-g3748f16 (webtiles) character file.

95 Ololoev the Conjurer (level 4, -4/27 HPs)
             Began as an Octopode Fire Elementalist on Jan 27, 2015.
             Slain by an orc priest (5 damage)
             ... on level 3 of the Dungeon.
             The game lasted 00:09:48 (2520 turns).

Ololoev the Conjurer (Octopode Fire Elementalist)   Turns: 2520, Time: 00:09:48

Health: -4/27      AC:  1    Str:  7    XL:     4   Next: 65%
Magic:  4/7        EV: 14    Int: 18    God:
Gold:   98         SH:  0    Dex: 12    Spells: 2 memorised, 3 levels left

rFire  . . .     SeeInvis .     q - +1 dagger (venom)
rCold  . . .     Clarity  .     (no shield)
rNeg   . . .     SustAb   .     (helmet restricted)
rPois  .         Gourm    .     (no amulet)
rElec  .         Spirit   .     n - +2 ring of evasion
rCorr  .         Warding  .     (no ring)
rMut   .         Stasis   .     (no ring)
MR     .....                    (no ring)
Stlth  +++.......               (no ring)
                                (no ring)
                                (no ring)
                                (no ring)

@: not resistant to hostile enchantments, fairly stealthy
A: almost no armour, amphibious, 8 rings, constrict 8, camouflage 1, gelatinous
body 1
a: no special abilities


You were on level 3 of the Dungeon.
You were hungry.

You visited 1 branch of the dungeon, and saw 3 of its levels.

You collected 98 gold pieces.

Notes
Turn   | Place    | Note
--------------------------------------------------------------
     0 | D:1      | Ololoev, the Octopode Fire Elementalist, began the quest for the Orb.
     0 | D:1      | Reached XP level 1. HP: 11/11 MP: 3/3
   131 | D:1      | Reached XP level 2. HP: 4/17 MP: 0/4
  1113 | D:2      | Reached XP level 3. HP: 21/21 MP: 4/6
  1118 | D:2      | Learned a level 3 spell: Conjure Flame
  1623 | D:2      | Found a sparkling altar of Nemelex Xobeh.
  1790 | D:2      | Reached XP level 4. HP: 27/27 MP: 3/7
  2134 | D:3      | Noticed haldagan's ghost (average OgGl)
  2517 | D:3      | HP: 1/27 [orc priest/divine providence (13)]
  2520 | D:3      | Slain by an orc priest

Inventory:

Hand weapons
 q - a +1 dagger of venom (weapon)
Armour
 m - a cursed -2 buckler
Jewellery
 n - a +2 ring of evasion (left tentacle)
Scrolls
 e - a scroll of identify {unknown}
 f - a scroll of recharging {unknown}
 g - a scroll of teleportation
 h - a scroll of enchant armour {unknown}
 k - a scroll of random uselessness {unknown}
 l - a scroll of fog {unknown}
 p - a scroll of remove curse
 s - 3 scrolls of fear {unknown}
Potions
 i - a potion of cure mutation {unknown}
 j - a potion of might {unknown}
 o - a potion of agility {unknown}
 r - a potion of brilliance {unknown}
Books
 b - a book of Flames

   Spells                             Type                      Level
   a - Flame Tongue                   Conjuration/Fire             1
   b - Throw Flame                    Conjuration/Fire             2
   c - Conjure Flame                  Conjuration/Fire             3
   d - Inner Flame                    Hexes/Fire                   3
   e - Sticky Flame                   Conjuration/Fire             4
   f - Fireball                       Conjuration/Fire             5
Comestibles
 a - 4 fruits
 c - 2 bread rations
 d - 2 royal jellies

Table legend:
 A = Turns spent in this place as a percentage of turns spent in the entire game.
 B = Non-inter-level travel turns spent in this place as a percentage of non-inter-level travel turns spent in the entire game.
 C = Inter-level travel turns spent in this place as a percentage of turns spent in this place.
 D = Turns resting spent in this place as a percentage of non-inter-level travel turns spent in this place.
 E = Turns spent auto-exploring this place as a percentage of non-inter-level travel turns spent in this place.
 F = Non-inter-level travel turns spent in this place divided by the number of levels of this place that you've seen.
                   A       B       C       D       E      F
               +-------+-------+-------+-------+-------+----------------------
         Total | 100.0 | 100.0 |   0.6 |  11.4 |  16.8 | 175.0
       Dungeon | 100.0 | 100.0 |   0.6 |  11.4 |  16.8 | 175.0
               +-------+-------+-------+-------+-------+----------------------


   Skills:
 - Level 2.0 Dodging
 - Level 2.6 Stealth
 - Level 2.0 Spellcasting
 * Level 3.7 Conjurations
 + Level 3.6 Fire Magic


You had 3 spell levels left.
You knew the following spells:

 Your Spells              Type           Power        Failure   Level  Hunger
a - Flame Tongue          Conj/Fire      ###..        4%          1    #......
b - Conjure Flame         Conj/Fire      ###.....     14%         3    ###....


Dungeon Overview and Level Annotations

Branches:
Dungeon (3/15)

Altars:
Nemelex Xobeh

Annotations:
D:3 haldagan's ghost, average OgGl


Innate Abilities, Weirdness & Mutations

You cannot wear most types of armour.
You are amphibious.
You can wear up to eight rings at the same time.
You can use your tentacles to constrict many enemies at once.
Your skin changes colour to match your surroundings (Stealth).
Your rubbery body absorbs attacks (AC +1).


Message History

a leather armour; a chunk of flesh Eat a chunk of flesh? (ye/n/q/i?) This raw flesh tastes terrible.
You are feeling hungry.
You continue eating. x2
You start resting.
Magic restored.
You see here a leather armour.
Casting: Flame Tongue
Confirm with . or Enter, or press ? or * to list all spells.
Aiming: Flame Tongue
Press: ? - help, Shift-Dir - straight line, f - orc priest
Aim: an orc priest, wearing a leather armour (hasn't noticed you)
The flame tongue hits the orc priest.
The orc priest is moderately wounded.
The orc priest invokes the aid of Beogh against you.
Something smites you!
Casting: Flame Tongue
Confirm with . or Enter, or press ? or * to list all spells.
Aiming: Flame Tongue
Press: ? - help, Shift-Dir - straight line, f/p - orc priest
Aim: an orc priest, wearing a leather armour (moderately wounded)
The flame tongue misses the orc priest.
The orc priest calls down the wrath of Beogh upon you.
Something smites you!
Casting: Flame Tongue
Confirm with . or Enter, or press ? or * to list all spells.
Aiming: Flame Tongue
Press: ? - help, Shift-Dir - straight line, f/p - orc priest
Aim: an orc priest, wearing a leather armour (moderately wounded)
The flame tongue hits the orc priest.
The orc priest is almost dead.
You closely miss the orc priest. Your grab misses the orc priest.
The orc priest is almost dead.
The orc priest barely misses you.
You barely miss the orc priest. You grab the orc priest.
The orc priest is almost dead.
You constrict the orc priest, but do no damage.
The orc priest hits you.
You die...

#.#.# #.
#.#.####### #.
#.#.......# #.
#######
#.######..###.
......###.#
#.#..... ##...##.##
##..#### #........#
#..#
########.[..##(.##
#..#
.........#@###.....
...# ##########o#
##.#####..#
#l...###.#####..#
.#.)............
#o#..###.#####..# #
#..# #.# #..# #..#
#ยง### #..# #..#
#...# #..# #g.
###.###..####


You could see an orc priest, an orc (wandering) and a goblin (wandering).

Table legend:
 A = Kills in this place as a percentage of kills in entire the game.
 B = Kills by you in this place as a percentage of kills by you in the entire game.
 C = Kills by friends in this place as a percentage of kills by friends in the entire game.
 D = Other kills in this place as a percentage of other kills in the entire game.
 E = Experience gained in this place as a percentage of experience gained in the entire game.
 F = Experience gained in this place divided by the number of levels of this place that you have seen.
                   A       B       C       D       E      F
               +-------+-------+-------+-------+-------+----------------------
         Total | 100.0 | 100.0 |  -nan |  -nan | 100.0 |  45.3
       Dungeon | 100.0 | 100.0 |  -nan |  -nan | 100.0 |  45.3
               +-------+-------+-------+-------+-------+----------------------

Vanquished Creatures
  An orc wizard (D:3)
  2 adders (D:2)
  A worm (D:2)
  2 giant geckos
  2 orcs (D:3)
  A giant cockroach (D:2)
  7 goblins
  6 hobgoblins
  4 jackals (D:1)
  5 kobolds
  A quokka (D:2)
  5 bats
  4 giant newts
  4 rats
45 creatures vanquished.

Action                   |  1- 3 |  4- 6 || total
-------------------------+-------+-------++-------
Melee: Unarmed           |    12 |       ||    12
       Dagger            |    16 |     6 ||    22
 Cast: Flame Tongue      |    46 |    11 ||    57
       Conjure Flame     |       |     1 ||     1
  Use: Scroll            |     2 |       ||     2
 Stab: Sleeping          |     4 |       ||     4
  Eat: Chunk             |     3 |     2 ||     5

Vault maps used:
D:1:      sevenhm_arrival_forest_fort_small_3,
          hangedman_abyss_or_decor_lesser_grid
D:2:      nemelex_xobeh_ov_fountains_minmay, grunt_ministairs_8
D:3:      overflow_temple_1_default, minmay_misc_feat_alley
